 Dungeon Crawl Stone Soup version 0.25.1-8-g42b30a86e7 (webtiles) character file.

Game seed: 5939311257633420354

122763 KamiKatze the Covert (level 16, 0/80 HPs)
             Began as a Spriggan Assassin on Dec 23, 2020.
             Was the Champion of Dithmenos.
             Slain by an alligator (7 damage)
             ... led by an alligator
             ... on level 3 of the Lair of Beasts on Dec 26, 2020.
             The game lasted 05:17:38 (44934 turns).

KamiKatze the Covert (Spriggan Assassin)           Turns: 44934, Time: 05:17:52

Health: 0/80       AC:  9    Str:  7    XL:     16   Next: 35%
Magic:  0/33       EV: 29    Int: 22    God:    Dithmenos [******]
Gold:   3123       SH:  0    Dex: 19    Spells: 4/39 levels left

rFire    + + .     SeeInvis +   a - +2 dagger (venom)
rCold    + . .     Gourm    .   (shield restricted)
rNeg     . . .     Faith    .   F - +2 robe {rC+ rF+}
rPois    .         Spirit   +   W - +2 hat
rElec    .         Reflect  .   N - +2 cloak
rCorr    .         Harm     .   (gloves unavailable)
MR       +++..                  (boots unavailable)
Stlth    ++++++++++             D - amulet of guardian spirit
HPRegen  0.23/turn              R - ring of Byrro {rF+ Int+4 Slay+2}
MPRegen  0.23/turn              y - ring of protection from magic

@: wreathed by umbra, very quick
A: very small, unfitting armour, see invisible, herbivore, speed 3, slow
metabolism 2
a: Shadow Step, Shadow Form, Renounce Religion


You were on level 3 of the Lair of Beasts.
You worshipped Dithmenos.
Dithmenos was exalted by your worship.
You were not hungry.

You visited 5 branches of the dungeon, and saw 25 of its levels.
You also visited: Sewer, Gauntlet and Ice Cave.

You collected 3143 gold pieces.
You spent 20 gold pieces at shops.

Inventory:

Hand Weapons
 a - a +2 dagger of venom (weapon)
 b - a +0 short sword of freezing
Missiles
 d - 68 poisoned darts (quivered)
 e - 7 curare-tipped darts
 s - 599 stones
 x - 467 arrows
 H - 22 boomerangs
 U - 7 silver boomerangs
Armour
 F - a +2 robe of resistance (worn)
 J - the +0 robe "Tusoe" {rCorr Str+3}
   (You found it on level 3 of the Lair of Beasts)

   It affects your strength (+3).
   It provides partial protection from all sources of acid and corrosion.
 N - a +2 cloak (worn)
 W - a +2 hat (worn)
Jewellery
 u - an uncursed ring of flight
 y - a ring of protection from magic (right hand)
 D - an amulet of guardian spirit (around neck)
 R - the ring of Byrro (left hand) {rF+ Int+4 Slay+2}
   (You found it on level 1 of the Orcish Mines)

   [ring of protection from fire]

   It affects your intelligence (+4).
   It affects your accuracy and damage with ranged weapons and melee attacks
   (+2).
   It protects you from fire.
Wands
 q - a wand of iceblast (26)
 t - a wand of clouds (13)
 A - a wand of enslavement (16)
 L - a wand of disintegration (23)
 P - a wand of flame (14)
 Q - a wand of acid (33)
 S - a wand of paralysis (15)
 V - a wand of digging (1)
 X - a wand of polymorph (10)
Scrolls
 h - 11 scrolls of teleportation
 z - 2 scrolls of blinking
 I - a scroll of magic mapping
 K - 2 scrolls of remove curse
 O - 3 scrolls of identify
 T - 2 scrolls of fog
 Z - a scroll of fear
Potions
 c - 4 potions of magic
 g - 7 potions of flight
 i - 4 potions of resistance
 j - 3 potions of berserk rage
 l - 5 potions of lignification
 m - a potion of might
 n - 3 potions of ambrosia
 o - 5 potions of curing
 p - 5 potions of stabbing
 r - 3 potions of heal wounds
 v - 4 potions of brilliance
 G - 10 potions of haste
 M - 4 potions of cancellation
Miscellaneous
 B - a lightning rod (4/4)
Comestibles
 f - 18 rations


   Skills:
 - Level 7.0 Fighting
 - Level 12.9 Short Blades
 - Level 10.0 Throwing
 - Level 12.0 Dodging
 + Level 14.8 Stealth
 + Level 12.0 Spellcasting
 - Level 10.0 Hexes
 * Level 3.6 Necromancy
 - Level 10.8 Translocations
 - Level 8.8 Transmutations
 - Level 3.0 Fire Magic
 - Level 5.0 Ice Magic
 - Level 4.0 Earth Magic
 * Level 7.8 Poison Magic
 - Level 3.0 Invocations
 - Level 4.0 Evocations


You had 4 spell levels left.
You knew the following spells:

 Your Spells              Type           Power        Failure   Level  Hunger
a - Corona                Hex            ######.      1%          1    None
b - Ensorcelled Hibernat  Hex/Ice        #####.       1%          2    None
c - Confusing Touch       Hex            ######..     1%          3    None
d - Sticks to Snakes      Tmut           ######..     1%          2    None
e - Dispersal             Tloc           ######....   9%          6    #####..
f - Statue Form           Tmut/Erth      #####....    47%         6    #####..
g - Tukima's Dance        Hex            ######..     1%          3    None
h - Olgreb's Toxic Radia  Pois           #####...     1%          4    None
i - Ignite Poison         Fire/Tmut/Pois #####...     1%          3    None
j - Dispel Undead         Necr           ####....     11%         4    None
x - Apportation           Tloc           ######       1%          1    None

Your spell library contained the following spells:

 Spells                   Type           Power        Failure   Level  Hunger
 Beastly Appendage        Tmut           ######       1%          1    None
 Sting                    Tmut/Pois      ####         1%          1    None
 Blink                    Tloc           N/A          1%          2    None
 Poisonous Vapours        Pois/Air       ####..       1%          2    None
 Dazzling Flash           Conj/Hex       #####.       1%          3    None
 Inner Flame              Hex/Fire       #####...     1%          3    None
 Lesser Beckoning         Tloc           ######....   1%          3    None
 Recall                   Summ/Tloc      N/A          1%          3    None
 Spider Form              Tmut/Pois      ######....   1%          3    None
 Cause Fear               Hex            ######....   1%          4    None
 Foxfire                  Conj/Fire      ###.         2%          1    None
 Ice Form                 Ice/Tmut       #####...     2%          4    None
 Vampiric Draining        Necr           ####......   3%          3    None
 Shock                    Conj/Air       ##..         4%          1    None
 Summon Butterflies       Summ           ##......     4%          1    None
 Mephitic Cloud           Conj/Pois/Air  ###.....     4%          3    None
 Swiftness                Chrm/Air       ##......     8%          2    None
 Conjure Flame            Conj/Fire      ###.....     8%          3    None
 Static Discharge         Conj/Air       ##......     14%         3    None
 Sticky Flame             Conj/Fire      ###.....     26%         4    None
 Airstrike                Air            ##........   43%         4    None
 Summon Lightning Spire   Summ/Air       ##......     43%         4    None
 Yara's Violent Unravell  Hex/Tmut       ######....   2%          5    ####...
 Blade Hands              Tmut           ######....   3%          5    ####...
 Alistair's Intoxication  Tmut/Pois      ######..     4%          5    ####...
 Invisibility             Hex            ######..     12%         6    #####..
 Summon Forest            Summ/Tloc      #####.....   14%         5    ####...
 Silence                  Hex/Air        #####.....   17%         5    ####...
 Hydra Form               Tmut           ######....   21%         6    #####..
 Irradiate                Conj/Tmut      ####......   22%         5    ####...
 Agony                    Necr           ####....     30%         5    ####...
 Fireball                 Conj/Fire      ###.......   58%         5    ####...
 Dragon Form              Tmut           ######....   73%         7    #######
 Lightning Bolt           Conj/Air       ##........   80%         5    ####...
 Freezing Cloud           Conj/Ice/Air   ###.......   98%         6    #####..
 Starburst                Conj/Fire      ###.......   99%         6    #####..
 Discord                  Hex            ######....   99%         8    #######
 Ring of Flames           Chrm/Fire      ###.......   100%        7    #######
 Ignition                 Fire           ####......   100%        8    #######
 Dragon's Call            Summ           ##........   100%        9    #######


Dungeon Overview and Level Annotations

Branches:
Dungeon (15/15)            Temple (1/1) D:5            Lair (6/6) D:8
  Swamp (1/4) Lair:3       Spider (0/4) Lair:4        Slime (0/5) Lair:6
    Orc (2/2) D:11            Elf (0/3) Orc:2        Vaults (0/5) D:14
 Depths (0/5) D:15          Sewer (visited)           IceCv (visited)
Gauntlet (visited)

Altars:
Ashenzari
Cheibriados
Dithmenos
Elyvilon
Fedhas
Gozag
Hepliaklqana
Kikubaaqudgha
Makhleb
Nemelex Xobeh
Okawaru
Qazlal
Ru
Sif Muna
Trog
Uskayaw
Vehumet
Wu Jian
Xom
Yredelemnul
Zin
The Shining One
Beogh

Shops:
D:9 [   Orc:2 }*:*

Annotations:
D:14 1 runed translucent door, Uraoj's ghost, journeyman OgBe
Lair:6 exclusion: 5 oklob plants


Innate Abilities, Weirdness & Mutations

You are very small and have problems with some larger weapons.
You are too small for most types of armour.
You have supernaturally acute eyesight. (SInv)
You are a herbivore.
You cover ground extremely quickly.
You need to consume almost no food.


Message History

Confirm with . or Enter, or press ? or * to list all spells.
Aiming: Dispel Undead (dangerous; 11% risk of failure)
Press: ? - help, Shift-Dir - straight line, f - vampire mosquito
Aim: a vampire mosquito (umbra)
The vampire mosquito is dispelled!!
You destroy the vampire mosquito!
Dithmenos accepts your kill. The vampire mosquito misses you.
Casting: Dispel Undead (dangerous; 11% risk of failure)
Confirm with . or Enter, or press ? or * to list all spells.
Aiming: Dispel Undead (dangerous; 11% risk of failure)
Press: ? - help, Shift-Dir - straight line, f - vampire mosquito
Aim: a vampire mosquito (umbra)
The vampire mosquito is dispelled!!
You destroy the vampire mosquito!
Dithmenos accepts your kill. The alligator bites you!!
* * * LOW HITPOINT WARNING * * *
You emit a cloud of dark smoke.
The alligator tail-slaps you!
You die...

...............÷.................
.................................
.................................
..........................#......
.........................#.......
.........................##......
......................#..........
...............§§#...............
...............#@##..§§..........
........#.....§t###§§†§≈≈≈.......
........##..P...###§§§♣≈≈§≈......
........##.......§t§§§§§§♣≈......
.##....###.....#...§§§§§§♣♣......
.......#.#.....P.§§§§§§§§§§......
..................§§§§.§§§§§.....
..........P#....###§§............
............#..####....#.§.......


You could see an alligator (swift).

Vanquished Creatures
  Gastronok (Lair:3)
  A fire giant (D:15)
  2 orc warlords (D:11)
  5 dire elephants (Lair:6)
  A minotaur (Gauntlet)
  An ettin (D:11)
  4 ogre magi
  Erolcha (Orc:1)
  5 hydras
  3 centaur warriors
  An anaconda (Lair:6)
  An alligator (Swamp:1)
  A death knight (D:15)
  A death yak (Lair:5)
  2 tengu warriors (D:15)
  19 two-headed ogres
  Sonja (D:13)
  A fire crab (D:15)
  3 orc knights
  A wolf spider (shapeshifter) (D:14)
  An orc sorcerer (Orc:1)
  2 lindwurms
  A deep elf mage (D:13)
  4 cyclopes
  A manticore (D:11)
  9 ugly things
  4 elephants (Lair:6)
  A black mamba (Lair:2)
  A torpor snail (Gauntlet)
  A gargoyle (D:11)
  10 spiny frogs
  A yaktaur (shapeshifter) (D:13)
  4 kobold demonologists
  9 rime drakes
  A komodo dragon (shapeshifter) (D:13)
  9 komodo dragons
  3 freezing wraiths
  13 trolls
  A harpy zombie (D:15)
  A troll (shapeshifter) (D:14)
  A meliai (shapeshifter) (D:14)
  6 meliai
  A tyrant leech (Gauntlet)
  4 jumping spiders (Lair:4)
  2 hornets
  2 polar bears (Lair:5)
  A queen bee (shapeshifter) (D:12)
  A bog body (Lair:3)
  4 slime creatures (D:15)
  19 blink frogs
  16 hippogriffs
  7 dream sheep
  2 shadows
  A redback (Lair:4)
  A yak (shapeshifter) (D:14)
  49 yaks
  4 wraiths
  A human (D:7)
  6 wyverns
  A golden eye (shapeshifter) (D:15)
  Grum (D:8)
  2 hogs
  6 hungry ghosts
  8 steam dragons (Lair:4)
  5 basilisks
  19 vampire mosquitoes
  3 wargs
  2 swamp worms (Gauntlet)
  Menkaure (D:4)
  3 acid dragons
  4 soldier ants
  6 porcupines
  8 water moccasins
  A black bear (D:7)
  2 necrophages
  A phantom (D:5)
  24 orc warriors
  5 sky beasts
  16 ice beasts
  An ogre (shapeshifter) (D:15)
  13 wolves
  48 ogres
  13 crocodiles
  10 centaurs
  4 big kobolds
  17 bullfrogs
  Blork the orc (D:6)
  A wyvern zombie (D:13)
  A gnoll sergeant (D:7)
  7 scorpions
  A scorpion (shapeshifter) (D:15)
  15 killer bees
  4 howler monkeys
  14 wights
  3 crimson imps
  4 centaur zombies
  A bullfrog zombie (D:12)
  2 quasits
  9 hounds
  4 jellies
  4 bullfrog skeletons
  4 centaur skeletons
  20 orc priests
  36 orc wizards
  A gnoll shaman (D:6)
  Crazy Yiuf (D:3)
  An iguana (D:5)
  15 worker ants
  A hound zombie (D:5)
  A worker ant zombie (D:5)
  15 adders
  8 gnolls
  6 shadow imps
  An ooze (D:3)
  An adder zombie (D:8)
  5 worms
  A dart slug (D:6)
  5 leopard geckos
  80 orcs
  6 bats
  10 giant cockroaches
  6 hobgoblins
  16 jackals
  6 quokkas
  4 ball pythons
  10 frilled lizards
  11 goblins
  25 kobolds
  2 quokka zombies (D:9)
  7 rats
  A fungus (Lair:4)
  9 plants
870 creatures vanquished.

Vanquished Creatures (collateral kills)
  4 two-headed ogres (Orc:2)
  An ogre mage (Orc:2)
  A troll (D:11)
  A warg (Orc:1)
  6 orc warriors (Orc:1)
  3 ogres (Orc:2)
  A bullfrog (D:15)
  An orc priest (Orc:1)
  6 orcs
  2 goblins (D:11)
26 creatures vanquished.

Vanquished Creatures (others)
  A rime drake (Lair:4)
  6 dancing weapons
  21 fungi
  12 plants
40 creatures vanquished.

Grand Total: 936 creatures vanquished

Notes
Turn   | Place    | Note
-------+----------+-------------------------------------------
     0 | D:1      | KamiKatze the Spriggan Assassin began the quest for the
                  | Orb.
     0 | D:1      | Reached XP level 1. HP: 10/10 MP: 2/2
   139 | D:1      | Reached XP level 2. HP: 8/15 MP: 3/3
   419 | D:1      | Reached skill level 6 in Stealth
   631 | D:1      | Reached XP level 3. HP: 10/18 MP: 4/4
  1018 | D:2      | Noticed a scorpion
  1021 | D:2      | Noticed a bullfrog
  1383 | D:2      | Reached XP level 4. HP: 19/23 MP: 5/5
  1442 | D:2      | Killed a bullfrog
  1442 | D:2      | Reached XP level 5. HP: 6/26 MP: 6/6
  2005 | D:3      | Found a glowing drain.
  2036 | D:3      | Reached skill level 7 in Stealth
  2125 | Sewer    | Entered a sewer
  3303 | Sewer    | Reached XP level 6. HP: 30/30 MP: 7/7
  3993 | D:3      | Found a runed translucent door.
  3994 | D:3      | Noticed Crazy Yiuf
  4121 | D:3      | Found a burning altar of Makhleb.
  4278 | D:4      | Noticed Menkaure
  4597 | D:5      | Entered Level 5 of the Dungeon
  4776 | D:5      | Reached skill level 1 in Evocations
  5294 | D:5      | Reached skill level 5 in Short Blades
  5318 | D:5      | Noticed a sky beast
  5335 | D:5      | Killed a sky beast
  5335 | D:5      | Reached XP level 7. HP: 35/35 MP: 9/9
  5393 | D:5      | Reached skill level 8 in Stealth
  5401 | D:5      | Found a staircase to the Ecumenical Temple.
  5420 | Temple   | Entered the Ecumenical Temple
  5482 | Temple   | Became a worshipper of Dithmenos the Shadowed
  5729 | D:5      | You fall into a shaft and drop 1 floor!
  7341 | D:5      | Reached XP level 8. HP: 39/39 MP: 10/10
  7436 | D:4      | Reached * piety under Dithmenos
  7876 | D:6      | Noticed Blork the orc
  7879 | D:6      | Killed Blork the orc
  7934 | D:6      | Reached skill level 5 in Throwing
  7934 | D:6      | Reached skill level 5 in Dodging
  7948 | D:6      | Reached skill level 9 in Stealth
  9221 | D:6      | Found a snail-covered altar of Cheibriados.
  9420 | D:7      | Reached XP level 9. HP: 38/42 MP: 11/11
  9443 | D:7      | Reached ** piety under Dithmenos
  9533 | D:7      | Reached skill level 1 in Spellcasting
  9533 | D:7      | Reached skill level 1 in Invocations
 10939 | D:8      | Found a staircase to the Lair.
 11115 | D:7      | Reached skill level 10 in Stealth
 11345 | D:8      | Reached XP level 10. HP: 49/49 MP: 14/14
 11717 | D:8      | Reached *** piety under Dithmenos
 11951 | D:9      | Noticed Grum
 12204 | D:9      | Found Bimylalav's Armour Shoppe.
 12316 | D:9      | Learned a level 1 spell: Corona
 12319 | D:9      | Learned a level 2 spell: Ensorcelled Hibernation
 12323 | D:9      | Learned a level 3 spell: Confusing Touch
 12407 | D:8      | Killed Grum
 12493 | D:8      | Reached skill level 1 in Hexes
 12671 | D:9      | Reached skill level 1 in Ice Magic
 12882 | D:9      | Reached skill level 11 in Stealth
 13102 | D:9      | Reached **** piety under Dithmenos
 13162 | D:9      | Found a blossoming altar of Fedhas.
 13447 | D:10     | Entered Level 10 of the Dungeon
 14138 | D:10     | Reached XP level 11. HP: 53/53 MP: 18/18
 14727 | D:11     | Found a staircase to the Orcish Mines.
 15077 | Lair:1   | Entered Level 1 of the Lair of Beasts
 15462 | Lair:1   | Noticed a four-headed hydra
 15614 | Lair:1   | Killed a four-headed hydra
 15614 | Lair:1   | Reached skill level 5 in Spellcasting
 16197 | Lair:1   | Learned a level 2 spell: Sticks to Snakes
 16366 | Lair:1   | Reached skill level 5 in Hexes
 16366 | Lair:1   | Reached skill level 1 in Transmutations
 18513 | Lair:2   | Reached skill level 12 in Stealth
 18551 | Lair:2   | Reached XP level 12. HP: 58/58 MP: 19/22
 18849 | Lair:3   | Noticed Gastronok
 18870 | Lair:3   | Killed Gastronok
 18873 | Lair:3   | Got a smoking robe
 18894 | Lair:3   | Identified the cursed +0 robe "Tusoe" {rCorr Str+3} (You
                  | found it on level 3 of the Lair of Beasts)
 19149 | Lair:3   | Found a staircase to the Swamp.
 19368 | Lair:3   | Reached XP level 13. HP: 61/63 MP: 24/24
 19725 | Lair:3   | Reached skill level 5 in Fighting
 20093 | Lair:3   | You fall into a shaft and drop 2 floors!
 20121 | Lair:5   | You fall into a shaft and drop 1 floor!
 20121 | Lair:6   | Entered Level 6 of the Lair of Beasts
 20309 | Lair:6   | Reached skill level 5 in Transmutations
 21037 | Lair:5   | Reached skill level 10 in Dodging
 21166 | Lair:4   | Found a frozen archway.
 21196 | IceCv    | Entered an ice cave
 21201 | IceCv    | Found a transporter.
 21332 | IceCv    | Found a transporter.
 21346 | IceCv    | Identified the Collected Works on Dislocated Toxins
 21496 | Lair:3   | Learned a level 6 spell: Dispersal
 22070 | Lair:4   | Reached skill level 1 in Translocations
 22073 | Lair:4   | Reached ***** piety under Dithmenos
 22183 | Lair:4   | Reached skill level 5 in Ice Magic
 22470 | Lair:4   | Found a hazy altar of Hepliaklqana.
 23609 | Lair:4   | Reached skill level 10 in Throwing
 23815 | Lair:4   | Noticed a fire dragon
 23943 | Lair:4   | Found a hole to the Spider Nest.
 24253 | Lair:5   | Reached skill level 5 in Translocations
 24254 | Lair:5   | Reached XP level 14. HP: 42/69 MP: 20/28
 26505 | Lair:6   | Found a staircase to the Slime Pits.
 26610 | Lair:6   | Learned a level 6 spell: Statue Form
 26680 | Lair:6   | Learned a level 1 spell: Apportation
 27437 | D:4      | Killed Menkaure
 27537 | D:3      | Killed Crazy Yiuf
 27896 | D:11     | Reached skill level 1 in Earth Magic
 27969 | D:11     | Reached skill level 10 in Spellcasting
 28326 | D:11     | Found an opulent altar of Gozag.
 28532 | D:11     | Learned a level 3 spell: Tukima's Dance
 29663 | D:10     | Found a glowing golden altar of the Shining One.
 30010 | D:12     | Found a sparkling altar of Nemelex Xobeh.
 30038 | D:12     | Found a gate leading to a gauntlet.
 30101 | D:12     | Reached ****** piety under Dithmenos
 30122 | Gauntlet | Entered a Gauntlet
 30122 | Gauntlet | Found a transporter.
 30122 | Gauntlet | Found a transporter.
 30140 | Gauntlet | Found a transporter.
 30143 | Gauntlet | Found a transporter.
 30161 | Gauntlet | Found a transporter.
 30162 | Gauntlet | Found a transporter.
 30186 | Gauntlet | Found a transporter.
 30199 | Gauntlet | Found a transporter.
 30204 | Gauntlet | Found a transporter.
 30205 | Gauntlet | Found a transporter.
 30220 | Gauntlet | Found a transporter.
 30223 | Gauntlet | Found a transporter.
 30662 | Gauntlet | Got a coiled jade ring
 30664 | Gauntlet | Identified the ring of Circularity {rF- rN+ Str+4 Dex+10
                  | Stlth+} (You found it in a Gauntlet)
 31553 | Orc:1    | Entered Level 1 of the Orcish Mines
 31577 | Orc:1    | You fall into a shaft and drop 1 floor!
 31577 | Orc:2    | Entered Level 2 of the Orcish Mines
 31823 | Orc:2    | Found Ronudam's Book Shoppe.
 31823 | Orc:2    | Found Lunylam's Gadget Shop.
 31823 | Orc:2    | Found Jithrag's Assorted Antiques.
 31823 | Orc:2    | Found Acol's General Store.
 33178 | Orc:2    | Found a staircase to the Elven Halls.
 33419 | Orc:1    | Found a roughly hewn altar of Beogh.
 33419 | Orc:1    | Identified the cursed +0 ring mail of Lugonu's Vengeance
                  | {rC++ Int+5 Dex-2}
 33874 | Orc:1    | Noticed an orc warlord
 34043 | D:11     | Killed an orc warlord
 34423 | Orc:1    | Reached XP level 15. HP: 61/74 MP: 26/31
 34604 | Orc:1    | Noticed an orc warlord
 35522 | D:11     | Killed an orc warlord
 36537 | Orc:1    | Got a faintly glowing tin ring
 36540 | Orc:1    | Identified the ring of Byrro {rF+ Int+4 Slay+2} (You found
                  | it on level 1 of the Orcish Mines)
 36545 | Orc:1    | Identified Yzimmei's Reference Book on Aerial Black Secrets
 36547 | Orc:1    | Identified the Tome of Venomous Creation
 36684 | Orc:1    | Reached skill level 10 in Translocations
 36790 | Orc:1    | Noticed Erolcha
 36990 | Orc:1    | Killed Erolcha
 37633 | Orc:2    | Reached skill level 10 in Hexes
 37740 | Orc:2    | Learned a level 4 spell: Olgreb's Toxic Radiance
 38023 | Orc:2    | Bought a scroll of identify for 20 gold pieces
 38376 | D:13     | Reached skill level 1 in Poison Magic
 38377 | D:13     | Noticed Sonja
 38380 | D:13     | Killed Sonja
 38669 | D:13     | You fall into a shaft and drop 2 floors!
 38669 | D:15     | Entered Level 15 of the Dungeon
 38847 | D:15     | Found a staircase to the Depths.
 38847 | D:15     | Noticed a fire giant
 38849 | D:15     | Killed a fire giant
 39272 | D:13     | You fall into a shaft and drop 2 floors!
 39339 | D:15     | Learned a level 3 spell: Ignite Poison
 39597 | D:13     | Reached skill level 5 in Poison Magic
 39646 | D:13     | Reached skill level 1 in Fire Magic
 40501 | D:14     | Found a runed translucent door.
 40503 | D:14     | Noticed Uraoj's ghost (journeyman OgBe)
 40559 | D:14     | Reached skill level 13 in Stealth
 41019 | D:14     | Found a gate to the Vaults.
 41278 | D:14     | Reached skill level 14 in Stealth
 41466 | D:15     | Found a sacrificial altar of Ru.
 42057 | D:15     | Reached XP level 16. HP: 80/80 MP: 33/33
 42165 | D:15     | Got a smoking lead amulet
 42168 | D:15     | Identified the amulet "Xizoabb" {Acrobat rPois MR+ Str+8
                  | Int-4} (You found it on level 15 of the Dungeon)
 42253 | D:15     | Learned a level 4 spell: Dispel Undead
 42547 | D:15     | Reached skill level 1 in Necromancy
 44871 | Swamp:1  | Entered Level 1 of the Swamp
 44934 | Lair:3   | Slain by an alligator

Illustrated notes

Levels and vault maps discovered:
D:1:      dpeg_arrival_stonehenge_8_columns, layout_basic
D:2:      layout_loops_ring, hex_large
D:3:      layout_loops_cross, makhleb_grotto_becter, gup_sewer_entry_glass,
          first_ration, minmay_misc_feat_hallway, st_stairs_8,
          uniq_crazy_yiuf_cottage
D:4:      layout_cave_pools, uniq_menkaure
D:5:      layout_basic, temple_hall, corexii_hall_statues_i, item_on_display_b
D:6:      layout_cave_pools, kennysheep_doodads, kennysheep_slug_shrine,
          uniq_blork_the_orc
D:7:      layout_basic, grunt_ministairs_14, grunt_livestock
D:8:      layout_cave_pools, lair_entry_dummy
D:9:      layout_loops_ring, serial_shops, shop, fedhas_altar_2, uniq_grum
D:10:     lemuel_upstairs_altar, layout_irregular_city
D:11:     layout_basic, david_orc_2, enter_bailey_3, basic_altar
D:12:     layout_roguey, gauntlet_entry_generic, david_defended_altar_elf
D:13:     layout_loops_ring, uniq_sonja
D:14:     layout_loops_corners, david_vaults_4, ebering_ghost_reflecting_pool,
          drop_trap
D:15:     grunt_enter_depths_giant_problem, layout_gridville,
          kennysheep_pointless_box, basic_altar, minmay_hedge_maze, drop_trap,
          minmay_fractal_squares_gapless_7
Temple:   nicolae_temple_the_god_donut
Lair:1:   layout_gridlike
Lair:2:   layout_long_grid
Lair:3:   layout_cave_shapes, skrybe_swamp_entry_bodies, grunt_megastairs_2,
          uniq_gastronok
Lair:4:   layout_loops_ring, spider_nest_entry_funnel_web,
          portal_ice_cave_entry_ice_beasts, basic_altar,
          bobbens_dragon_lair_wall
Lair:5:   layout_hall_layers, small_statue_intersection
Lair:6:   due_jungle_book, layout_misc_corridors,
          minmay_slime_entry_oklob_enclosed, nicolae_lair_grove_arrangements,
          lemuel_fruit_fields
Swamp:1:  layout_basic_swamp, evilmike_swamp_ruin_house_3, swamp_pool1,
          statue_in_the_mist_lemuel
Orc:1:    lemuel_ogre_cave, layout_caves, basic_altar, minmay_orc_treasury
Orc:2:    st_orc_ogre_mass, layout_caves

Skill      XL: |  1  2  3  4  5  6  7  8  9 10 11 12 13 14 15 16 |
---------------+-------------------------------------------------+-----
Stealth        | 6 7 8 9 10 11 12 14 | 14.8
Dodging        | 2 3 4 5 6 8 9 10 11 12 | 12.0
Short Blades   | 3 4 5 8 9 12 | 12.9
Fighting       | 2 3 4 5 6 7 |  7.0
Throwing       | 3 4 7 8 9 10 | 10.0
Evocations     | 2 4 |  4.0
Spellcasting   | 2 4 6 9 11 12 | 12.0
Invocations    | 3 |  3.0
Hexes          | 3 5 6 8 9 10 | 10.0
Ice Magic      | 2 4 5 |  5.0
Transmutations | 3 4 6 7 8 |  8.8
Translocations | 5 9 10 | 10.8
Earth Magic    | 4 |  4.0
Poison Magic   | 6 7 |  7.8
Fire Magic     | 2 3 |  3.0
Necromancy     | 3 |  3.6

Action                   |  1- 3 |  4- 6 |  7- 9 | 10-12 | 13-15 | 16-18 || total
-------------------------+-------+-------+-------+-------+-------+-------++-------
Melee: Dagger            |   109 |   397 |   414 |   727 |  2664 |   208 ||  4519
       Short sword       |       |   250 |   204 |    22 |   121 |     7 ||   604
Throw: Dart              |    16 |    51 |   138 |    57 |   146 |    27 ||   435
       Stone             |       |    45 |   129 |    82 |   144 |       ||   400
       Boomerang         |       |       |       |   108 |   136 |    22 ||   266
 Cast: Corona            |       |       |       |    10 |     7 |       ||    17
       Ensorcelled Hiber |       |       |       |     3 |   115 |    16 ||   134
       Sticks to Snakes  |       |       |       |     4 |    25 |     7 ||    36
       Tukima's Dance    |       |       |       |       |    78 |       ||    78
       Confusing Touch   |       |       |       |       |    16 |     3 ||    19
       Apportation       |       |       |       |       |     1 |     6 ||     7
       Ignite Poison     |       |       |       |       |       |    15 ||    15
       Olgreb's Toxic Ra |       |       |       |       |       |     6 ||     6
       Dispel Undead     |       |       |       |       |       |     2 ||     2
Invok: Shadow Step       |       |       |       |     4 |     6 |     4 ||    14
Evoke: Wand              |       |       |     1 |     2 |    15 |     6 ||    24
  Use: Scroll            |       |     8 |     5 |    12 |    17 |     1 ||    43
       Potion            |       |       |       |     3 |     3 |       ||     6
 Stab: Distracted        |     1 |     2 |     5 |     2 |    19 |     3 ||    32
       Sleeping          |     9 |    14 |    25 |    30 |   142 |    22 ||   242
       Confused          |       |       |     1 |       |    20 |     4 ||    25
       Invisible         |       |       |       |       |     1 |       ||     1
  Eat: Ration            |       |     2 |     3 |     5 |    13 |     2 ||    25
Armor: Robe              |    12 |    16 |    36 |    33 |   165 |     8 ||   270
Dodge: Dodged            |    69 |    92 |   323 |   533 |  2293 |   127 ||  3437
Block: Other             |     5 |    39 |    83 |   105 |       |       ||   232
       Reflection        |       |       |     2 |       |       |       ||     2
